 Dungeon Crawl Stone Soup version 0.29.1-15-g9cfb28693d (webtiles) character file.

Game seed: 12822750250301283589

2 McKennaii the Caller (level 1, 0/14 HPs)
             Began as a Demigod Summoner on Feb 23, 2023.
             Slain by a jackal (1 damage)
             ... on level 1 of the Dungeon.
             The game lasted 00:00:18 (92 turns).

McKennaii the Caller (Demigod Summoner)               Turns: 92, Time: 00:00:19

Health: 0/14       AC:  2    Str:  9    XL:     1   Next: 20%
Magic:  3/5        EV: 12    Int: 17    God:
Gold:   19         SH:  0    Dex: 14    Spells: 2/3 levels left

rFire   . . .      SeeInvis .   (no weapon)
rCold   . . .      Faith    .   (no shield)
rNeg    . . .      Spirit   .   a - +0 robe
rPois   .          Reflect  .   (no helmet)
rElec   .          Harm     .   (no cloak)
rCorr   .          Rampage  .   (no gloves)
Will    .....                   (no boots)
Stlth   ++........              (no amulet)
HPRegen 0.04/turn               (no ring)
MPRegen 0.09/turn               (no ring)

@: no status effects
A: high MP 1, forlorn, divine attributes
a: no special abilities


You were on level 1 of the Dungeon.
You visited 1 branch of the dungeon, and saw 1 of its levels.

You collected 19 gold pieces.

Inventory:

Armour
 a - a +0 robe (worn)
Scrolls
 c - a scroll of teleportation {unknown}
Potions
 b - a potion of magic


   Skills:
 - Level 1.7 Dodging
 - Level 1.7 Stealth
 + Level 1.8 Spellcasting
 + Level 3.6 Summonings


You had 2 spell levels left.
You knew the following spells:

 Your Spells              Type           Power      Damage    Failure   Level
a - Summon Small Mammal   Summ           56%        N/A       4%          1

Your spell library contained the following spells:

 Spells                   Type           Power      Damage    Failure   Level
 Call Imp                 Summ           14%        N/A       7%          2
 Call Canine Familiar     Summ           14%        N/A       13%         3
 Summon Guardian Golem    Hex/Summ       7%         N/A       28%         3
 Summon Lightning Spire   Summ/Air       7%         N/A       67%         4


Dungeon Overview and Level Annotations

Branches:
Dungeon (1/15)


Innate Abilities, Weirdness & Mutations

You have an increased reservoir of magic. (+10% MP)
You shall have no god before yourself.
Your divine heritage dramatically boosts your attributes as you level up.


Message History

Your bat hits the jackal.
A jackal is nearby!
You closely miss the jackal.
The jackal is moderately wounded.
Your bat barely misses the jackal.
Your bat closely misses the jackal.
The jackal bites you but does no damage.
Your bat closely misses the jackal.
You closely miss the jackal.
The jackal is lightly wounded.
Your bat closely misses the jackal.
Your bat misses the jackal. The jackal misses you.
Your bat barely misses the jackal.
You closely miss the jackal.
The jackal is lightly wounded.
Your bat hits the jackal. The jackal misses you.
Your bat closely misses the jackal.
The jackal bites you.
* * * LOW HITPOINT WARNING * * *
Your bat closely misses the jackal.
You hit the jackal.
The jackal is severely wounded.
Your bat hits the jackal but does no damage.
Your bat misses the jackal. The jackal closely misses you.
Your bat hits the jackal but does no damage.
You hit the jackal but do no damage.
The jackal is severely wounded.
Your bat hits the jackal but does no damage.
The jackal closely misses you.
Your bat hits the jackal but does no damage.
The jackal bites your bat.
Your bat hits the jackal but does no damage.
You strike the helpless jackal from behind!
You hit the jackal but do no damage.
The jackal is severely wounded.
Your bat misses the jackal.
Your bat closely misses the jackal.
The jackal barely misses you.
Unknown command.
You hit the jackal but do no damage.
The jackal is severely wounded.
Your bat hits the jackal but does no damage.
The jackal bites you.
You die...

#+# #.# ##'##
###...###
+.'.<.'.+
###...### .##@##
..#h# ...... . #
#.#b# ......
..##.##.#r# ....#
.......#'####...#
#.##..........
#.......##..##
##..§#####..#####
#....§hhr.......


You could see a jackal (ally target), a friendly quokka (summoned) and a
friendly bat (summoned).

Vanquished Creatures (collateral kills)
  A jackal (D:1)
  A bat (D:1)
2 creatures vanquished.

Notes
Turn   | Place    | Note
-------+----------+-------------------------------------------
     0 | D:1      | McKennaii the Demigod Summoner began the quest for the Orb.
     0 | D:1      | Reached XP level 1. HP: 14/14 MP: 5/5
    92 | D:1      | Slain by a jackal

Illustrated notes

Levels and vault maps discovered:
D:1:      minmay_arrival_doors, layout_loops_cross,
          hellmonk_ecumenical_altar_arch_garden, serial_aquarium,
          aquarium_bridge_long_joined [aquarium_subvault_window,
          aquarium_subvault_bridge, aquarium_subvault_bridge,
          aquarium_subvault_wall, aquarium_subvault_bridge,
          aquarium_subvault_window], aquarium_window_1,
          aquarium_window_corridor_1, aquarium_view_2g, aquarium_view_2d

Action                   || total
-------------------------++-------
Melee: Unarmed           ||    12
 Cast: Summon Small Mamm ||     7
 Stab: Distracted        ||     1
Armor: Robe              ||     4
Dodge: Dodged            ||    22
